 Dungeon Crawl Stone Soup version 0.29-a0-775-g4d7333d4e2 (webtiles) character file.

Game seed: 10470368897703163266

312 tilp the Grave Robber (level 6, -1/46 HPs)
             Began as a Mummy Necromancer on July 1, 2022.
             Killed from afar by an orc wizard (3 damage)
             ... with a magic dart
             ... on level 5 of the Dungeon.
             The game lasted 00:06:21 (4562 turns).

tilp the Grave Robber (Mummy Necromancer)           Turns: 4562, Time: 00:06:21

Health: -1/46      AC:  8    Str: 12    XL:     6   Next: 18%
Magic:  2/10       EV: 12    Int: 19    God:
Gold:   209        SH:  0    Dex: 12    Spells: 3/11 levels left

rFire   x . .      SeeInvis +   a - +2 quarterstaff (chaos)
rCold   + . .      Faith    .   (shield currently unavailable)
rNeg    + + +      Spirit   .   f - +0 robe
rPois   ∞          Reflect  .   (no helmet)
rElec   .          Harm     .   r - +2 cloak
rCorr   +          Rampage  .   (no gloves)
Will    .....                   d - +2 pair of boots of Generosity {rN+ rCorr Int+3 SInv}
Stlth   ++........              (no amulet)
HPRegen 0.15/turn               h - ring of flight
MPRegen 0.12/turn               o - ring of wizardry

@: flying
A: cold resistance 1, negative energy resistance 3, torment resistance 2, heat
vulnerability 1, in touch with death 1, no potions
a: no special abilities


You were on level 5 of the Dungeon.
You visited 1 branch of the dungeon, and saw 5 of its levels.

You collected 209 gold pieces.

Inventory:

Hand Weapons
 a - a +2 quarterstaff of chaos (weapon)
 b - a +1 dagger of protection
 c - a +0 short sword
 q - a +0 whip
Missiles
 g - 25 stones
 k - 5 boomerangs
 l - 9 poisoned darts (quivered)
Armour
 d - the +2 pair of boots of Generosity (worn) {rN+ rCorr Int+3 SInv}
   (You acquired it on level 1 of the Dungeon)

   Int:       It affects your intelligence (+3).
   rN:        It protects you from negative energy.
   SInv:      It lets you see invisible.
   rCorr:     It protects you from acid and corrosion.
 f - a +0 robe (worn)
 m - a scarf of repulsion
 r - a +2 cloak (worn)
Jewellery
 h - a ring of flight (left hand)
 o - a ring of wizardry (right hand)
Scrolls
 e - a scroll of poison
 i - a scroll of fog {unknown}
 j - a scroll of fear {unknown}
 n - 2 scrolls of amnesia
 p - a scroll of vulnerability {unknown}
 s - 2 scrolls of enchant weapon {unknown}


   Skills:
 * Level 2.6 Fighting
 + Level 0.5 Staves
 + Level 2.1 Dodging
 - Level 2.0 Stealth
 + Level 3.2 Spellcasting
 * Level 6.1 Necromancy


You had 3 spell levels left.
You knew the following spells:

 Your Spells              Type           Power      Damage    Failure   Level
a - Necrotize             Necr           100%       1d9       1%          1
b - Vampiric Draining     Necr           39%        2d8       1%          3
c - Animate Dead          Necr           39%        N/A       4%          4

Your spell library contained the following spells:

 Spells                   Type           Power      Damage    Failure   Level
 Agony                    Necr           39%        N/A       13%         5
 Borgnjor's Vile Clutch   Necr/Erth      11%        N/A       41%         5
 Death Channel            Necr           19%        N/A       54%         6


Dungeon Overview and Level Annotations

Branches:
Dungeon (5/15)
 Temple: D:4-7

Altars:
Ashenzari


Innate Abilities, Weirdness & Mutations

You are immune to poison.
Your flesh is cold resistant. (rC+)
You are immune to negative energy. (rN+++)
You are immune to unholy pain and torment.
You are vulnerable to heat. (rF-)
You are in touch with the powers of death.
You do not drink.


Message History

Casting: Necrotize (safe; 1% risk of failure)
Confirm with . or Enter, or press ? or * to list all spells.
Aiming: Vampiric Draining (safe; 1% risk of failure)
Press: ? - help, Shift-Dir - straight line, f - orc, p - orc wizard
Aim: an orc, wielding a +0 club and wearing a +0 leather armour You feel a surge of power!
You draw life force from the orc.
You feel life coursing into your body.
Unknown command.
Unknown command.
Unknown command.
You barely miss the orc wizard.
The orc wizard is almost dead.
Unknown command.
Casting: Vampiric Draining (safe; 1% risk of failure)
Confirm with . or Enter, or press ? or * to list all spells.
Aiming: Necrotize (safe; 1% risk of failure)
Press: ? - help, Shift-Dir - straight line, f/p - orc
Aim: an orc, wielding a +0 club and wearing a +0 leather armour (heavily wounded, chance to affect: 93%)
You feel a surge of power!
The orc wizard writhes in agony.
The orc wizard hits you but does no damage.
Unknown command.
Unknown command.
You closely miss the orc wizard.
The orc wizard is almost dead.
The orc wizard points at you and mumbles some strange words.
The magic dart hits you.
* * * LOW HITPOINT WARNING * * *
Unknown command.
You hit the orc wizard but do no damage.
The orc wizard is almost dead.
The orc wizard hits you but does no damage.
The orc wizard points at you and mumbles some strange words.
The magic dart hits you.
* * * LOW HITPOINT WARNING * * *
Unknown command.
You barely miss the orc wizard.
The orc wizard is almost dead.
The orc wizard casts a spell at you. The magic dart hits you.
You die...

#.........####...#.###
+.........+...........
#.........####........
#.......# ##...####
#..)..# ##.># #
##>..##### #..####
#..oo....# #......
#.#o####.# ##.####
#.#@# #.# #.#
#.#.####.######.#
#...............#
#.....##.########
#....###.#
####........#
.........#####
##########


You could see an orc wizard (invisible) and 2 orcs.

Vanquished Creatures
  Crazy Yiuf (D:3)
  A hound (D:4)
  A jelly (D:3)
  An orc wizard (D:4)
  9 adders
  2 worms
  5 dart slugs
  8 orcs
  10 ball pythons
  7 endoplasms
  5 giant cockroaches
  6 goblins
  7 hobgoblins
  3 jackals (D:1)
  10 kobolds
  3 quokkas
  5 bats
  2 frilled lizards
  5 rats
91 creatures vanquished.

Vanquished Creatures (collateral kills)
  An endoplasm (D:3)
  A bat (D:1)
  2 kobolds
4 creatures vanquished.

Vanquished Creatures (others)
  An orc zombie (D:5)
1 creature vanquished.

Grand Total: 96 creatures vanquished

Notes
Turn   | Place    | Note
-------+----------+-------------------------------------------
     0 | D:1      | tilp the Mummy Necromancer began the quest for the Orb.
     0 | D:1      | Reached XP level 1. HP: 13/13 MP: 4/4
   209 | D:1      | Reached XP level 2. HP: 13/20 MP: 0/5
   733 | D:1      | Reached skill level 1 in Fighting
   939 | D:1      | Found a faded altar of an unknown god.
   946 | D:1      | Gained mutation: You are in touch with the powers of death.
                  | [Mummy growth]
   946 | D:1      | Reached XP level 3. HP: 26/26 MP: 5/7
  1107 | D:1      | Learned a level 3 spell: Vampiric Draining
  1494 | D:1      | Identified a scroll of acquirement
  1494 | D:1      | Acquired the +2 pair of boots of Generosity {rN+ rCorr
                  | Int+3 SInv}
  2369 | D:2      | Reached XP level 4. HP: 31/33 MP: 0/8
  2769 | D:3      | Reached skill level 5 in Necromancy
  3065 | D:3      | Learned a level 4 spell: Animate Dead
  3204 | D:3      | Reached XP level 5. HP: 38/38 MP: 2/9
  3576 | D:3      | Found a runed translucent door.
  3577 | D:3      | Noticed Crazy Yiuf
  3757 | D:3      | Killed Crazy Yiuf
  3878 | D:4      | Reached skill level 6 in Necromancy
  4016 | D:4      | Found a broken altar of Ashenzari.
  4244 | D:4      | Reached XP level 6. HP: 45/45 MP: 10/10
  4446 | D:5      | Entered Level 5 of the Dungeon
  4561 | D:5      | HP: 2/46 [orc wizard/magic dart (5)]
  4562 | D:5      | Killed from afar by an orc wizard

Illustrated notes

Levels and vault maps discovered:
D:1:      lordsloth_arrival_two_stooges, layout_basic,
          ebering_ecumenical_altar_webs, minmay_hexomino_c4
D:2:      layout_basic, reono_crystal_passage, st_stairs_3, minivault_11
D:3:      layout_basic, uniq_crazy_yiuf_cottage
D:4:      layout_rooms, evilmike_ruin_ashenzari
D:5:      layout_loops_corners, gammafunk_ghost_split,
          hellmonk_bongcloud_opening

Skill      XL: |  1  2  3  4  5 |
---------------+----------------+-----
Fighting       | 1 2 |  2.6
Spellcasting   | 3 |  3.2
Stealth        | 2 |  2.0
Dodging        | 2 |  2.1
Necromancy     | 5 6 |  6.1
Staves         | |  0.5

Action                   |  1- 3 |  4- 6 || total
-------------------------+-------+-------++-------
Melee: Dagger            |    19 |     3 ||    22
       Whip              |    13 |     7 ||    20
       Quarterstaff      |       |    78 ||    78
Throw: Stone             |     1 |       ||     1
 Cast: Necrotize         |    70 |    35 ||   105
       Vampiric Draining |     1 |    10 ||    11
       Animate Dead      |       |     2 ||     2
  Use: Scroll            |     2 |     3 ||     5
 Stab: Sleeping          |     1 |     3 ||     4
Armor: Robe              |    12 |    55 ||    67
Dodge: Dodged            |    36 |    65 ||   101

Table legend: (Time is in decaauts)
 A = Elapsed time spent in this place.
 B = Non-inter-level travel time spent in this place.
 C = Inter-level travel time spent in this place.
 D = Time resting spent in this place.
 E = Time spent auto-exploring this place.
 F = Levels seen in this place.
 G = Mean time per level.
                   A        B        C        D        E       F      G
               +--------+--------+--------+--------+--------+-----+--------+
         Total |   4582 |   4475 |    107 |     80 |   3745 |   5 |  916.4 |
       Dungeon |   4582 |   4475 |    107 |     80 |   3745 |   5 |  916.4 |
               +--------+--------+--------+--------+--------+-----+--------+

Top non-repeatable levels by time:
     D:1: 1544 daAuts
     D:2: 1180 daAuts
     D:3: 1138 daAuts
     D:4: 600 daAuts
     D:5: 118 daAuts
